 Dungeon Crawl Stone Soup version bcrawl-1.13.2 (webtiles) character file.

Game seed: 15121112950566162634

54 Felnil the Shield-Bearer (level 3, -6/23 HPs)
             Began as a Skeleton Fighter on Aug 10, 2019.
             Killed from afar by Sigmund (11 damage)
             ... with a puff of flame
             ... on level 2 of the Dungeon.
             The game lasted 00:02:40 (1512 turns).

Felnil the Shield-Bearer (Skeleton Fighter)         Turns: 1512, Time: 00:02:41

Health: -6/23      AC:  7    Str: 21 (23) XL:     3   Next: 66%
Magic:  0/3        EV:  8    Int:  6      God:
Gold:   57         SH:  9    Dex:  7 (8)  Spells: 2/2 levels left

rFire    . . .     SeeInvis .   a - +0 trident
rCold    + . .     Gourm    .   c - +0 shield
rNeg     + + +     Faith    .   b - +0 scale mail
rPois    ∞         Spirit   +   (no helmet)
rElec    .         Reflect  .   (no cloak)
rCorr    .         Harm     .   (no gloves)
MR       .....                  (no boots)
Stlth    ..........             (no amulet)
HPRegen  0.07/turn              i - ring of poison resistance
MPRegen  0.08/turn              (no ring)

@: no status effects
A: no food or potions, cold resistance 1, deterioration 1, negative energy
resistance 3, torment resistance, unbreathing, magic shield, sturdy frame 1,
spell healing
a: no special abilities


You were on level 2 of the Dungeon.
You were not hungry.

You visited 1 branch of the dungeon, and saw 2 of its levels.

You collected 57 gold pieces.

Inventory:

Hand Weapons
 a - a +0 trident (weapon)
Armour
 b - a +0 scale mail (worn)
 c - a +0 shield (worn)
Jewellery
 i - a ring of poison resistance (left hand)
Scrolls
 d - a scroll of fog {unknown}
 e - a scroll of magic mapping {unknown}
 f - a scroll of blinking {unknown}
 g - a scroll of enchant weapon {unknown}
 h - 3 scrolls of enchant armour {unknown}


   Skills:
 + Level 3.4 Fighting
 + Level 3.2 Polearms
 + Level 3.8 Armour
 + Level 4.2 Shields


You had 2 spell levels left.
You didn't know any spells.
Your spell library was empty.

Dungeon Overview and Level Annotations

Branches:
Dungeon (2/12)

Altars:

Annotations:
D:2 Sigmund


Innate Abilities, Weirdness & Mutations

You do not eat or drink.
You are immune to poison.
Your flesh is cold resistant. (rC+)
Your body sometimes deteriorates upon taking damage.
You are immune to negative energy. (rN+++)
You are immune to unholy pain and torment.
You can survive without breathing.
When hurt, damage is shared between your health and your magic reserves.
Your movements are slightly less encumbered by armour. (ER -2)
Casting spells heals you.


Message History

You are too injured to fight recklessly!
You are too injured to fight recklessly!
You are too injured to fight recklessly!
You block Sigmund's attack.
You closely miss Sigmund.
Sigmund is heavily wounded.
Sigmund casts a spell at you. The puff of flame hits you!
* * * LOW HITPOINT WARNING * * *
Your body deteriorates!
You feel weakened.
You hit Sigmund.
Sigmund is severely wounded.
Sigmund casts a spell.
Sigmund flickers and vanishes!
Deactivating autopickup; reactivate with Ctrl-A.
You hit something.
You hear some strange, mumbled words.
A puff of flame appears from out of thin air!
The puff of flame hits you!
You die...

# ...# #......
.###.##.#######.#.###
.....................
####.##.#######.#####
........# #.# #
.###.##'#######.#####
#.#.......##.#....
#{#.......##......
#@#.......####.###
#..............###
#...#...............
#..#.........##..###
#.#....##.#.###.....
##....## .#.###.####
###.. .# #.......
.... #....... ...#
!...#..


There were no monsters in sight!

Vanquished Creatures
  An ooze (D:1)
  2 worms
  2 dart slugs (D:1)
  2 leopard geckos (D:1)
  2 giant cockroaches (D:1)
  3 goblins (D:1)
  4 hobgoblins
  2 jackals (D:1)
  5 bats
  2 frilled lizards
  6 kobolds
  7 rats
38 creatures vanquished.

Notes
Turn   | Place    | Note
-------+----------+-------------------------------------------
     0 | D:1      | Felnil the Skeleton Fighter began the quest for the Orb.
     0 | D:1      | Reached XP level 1. HP: 14/14 MP: 1/1
   262 | D:1      | Reached XP level 2. HP: 19/19 MP: 2/2
   420 | D:1      | Reached skill level 4 in Shields
   463 | D:1      | Reached XP level 3. HP: 20/23 MP: 3/3
  1504 | D:2      | Noticed Sigmund
  1512 | D:2      | Killed from afar by Sigmund

Skill      XL: |  1  2 |
---------------+-------+-----
Shields        | 4 |  4.2
Polearms       | 3 |  3.2
Fighting       | |  3.4
Armour         | |  3.8

Action                   || total
-------------------------++-------
Melee: Trident           ||   165
Armor: Scale mail        ||    51
Dodge: Dodged            ||    48
Block: Shield            ||    60
